 Dungeon Crawl Stone Soup version 0.30.0-5-g1a98f26d00 (webtiles) character file.

Game seed: 18011927852253818348

103 firemarshallily the Sneak (level 4, -1/30 HPs)
             Began as an Octopode Brigand on May 11, 2023.
             Shot with a sling bullet by a goblin (6 damage)
             ... on level 2 of the Dungeon.
             The game lasted 00:03:54 (1786 turns).

firemarshallily the Sneak (Octopode Brigand)        Turns: 1786, Time: 00:03:57

Health: -1/30      AC:  1    Str: 10    XL:     4   Next: 79%
Magic:  4/4        EV: 18    Int: 13    God:
Gold:   46         SH:  0    Dex: 15    Spells: 3/3 levels left

rFire   . . .        a - +2 dagger
rCold   . . .        (no shield)
rNeg    . . .        (helmet restricted)
rPois   .            (no amulet)
rElec   .            j - +5 ring of evasion
rCorr   .            (no ring)
SInv    .            (no ring)
Will    .....        (no ring)
Stlth   ++++         (no ring)
HPRegen 0.25/turn    (no ring)
MPRegen 0.09/turn    (no ring)
                     (no ring)

%: no passive effects
@: no status effects
A: almost no armour, amphibious, 8 rings, camouflage 1, gelatinous body 1,
(nimble swimmer 1), tentacles
a: no special abilities


You were on level 2 of the Dungeon.
You visited 1 branch of the dungeon, and saw 2 of its levels.

You collected 46 gold pieces.

Inventory:

Hand Weapons
 a - a +2 dagger (weapon)
Missiles
 b - 15 poisoned darts (quivered)
 c - 3 curare-tipped darts
Jewellery
 j - a +5 ring of evasion (left tentacle)
Wands
 l - a wand of flame (18)
Scrolls
 e - a scroll of noise {unknown}
 f - 2 scrolls of identify {unknown}
 g - a scroll of teleportation {unknown}
 i - a scroll of blinking {unknown}
 k - a scroll of brand weapon {unknown}


   Skills:
 + Level 2.6 Fighting
 * Level 3.1 Short Blades
 - Level 2.0 Throwing
 + Level 1.8 Dodging
 * Level 6.5 Stealth


You had 3 spell levels left.
You didn't know any spells.
Your spell library was empty.

Dungeon Overview and Level Annotations

Branches:
Dungeon (2/15)

Altars:

Shops:
D:1 (

Annotations:
D:2 Natasha


Innate Abilities, Weirdness & Mutations

You cannot wear most types of armour.
You are amphibious.
You can wear up to eight rings at the same time.
Your skin changes colour to match your surroundings (Stealth+).
Your rubbery body absorbs attacks. (AC +1, EV +1)
((You are camouflaged when in or above water. (Stealth+)))
You have tentacles for arms and can constrict up to eight enemies at once.


Message History

The cerulean imp attacks as you move away!
The cerulean imp barely misses you.
Things that are here:
a +0 dagger; the felid corpse of Natasha; a goblin corpse The cerulean imp hits you from afar with a +2 spear.
It was a potion of curing.
You feel better.
The cerulean imp hits you but does no damage.
The cerulean imp hits you from afar with a +2 spear.
The cerulean imp misses you.
Things that are here:
a +0 dagger; the felid corpse of Natasha; a goblin corpse The cerulean imp completely misses you.
Things that are here:
a +0 dagger; the felid corpse of Natasha; a goblin corpse The goblin shouts!
You hit Natasha. Your grab misses Natasha. Your squeeze misses Natasha.
Natasha is moderately wounded.
The cerulean imp hits you from afar with a +2 spear.
Natasha mumbles some strange words.
You barely miss Natasha. Your grab misses Natasha. Your squeeze misses Natasha.
Natasha is moderately wounded.
The cerulean imp hits you from afar with a +2 spear.
Natasha wildly gestures.
You feel disoriented. Natasha claws you.
You closely miss Natasha. Your grab misses Natasha.
Natasha is moderately wounded.
The cerulean imp disappears in a puff of smoke!
The cerulean imp completely misses you. Natasha closely misses you.
You hit Natasha but do no damage. Your grab misses Natasha.
Natasha is moderately wounded.
The cerulean imp hits you with a +2 spear.
* * * LOW HITPOINT WARNING * * *
As you read the scroll labelled WOM ESA CIONE, it crumbles to dust.
Your body is wracked with pain!
* * * LOW HITPOINT WARNING * * *
Natasha convulses!
The goblin convulses!
It was a scroll of torment.
Natasha closely misses you.
The goblin shoots a sling bullet.
The sling bullet hits you.
You die...

.....hg..##.#...
................
............#
.....S......#
....w..!....#
#+##........#
#.#########h#
######.........#.#
#.........####@#'###...
#............h.5...'...
#............g.†..##...
#.......÷.........#
#.................#
#.................#
#.................#
#.........####.####
#.........# #.#


You could see Natasha, a cerulean imp (summoned) and a goblin.

Vanquished Creatures
  Natasha (twice) (D:2)
  An adder (D:2)
  2 dart slugs
  2 ball pythons
  2 endoplasms
  6 giant cockroaches (D:1)
  3 goblins
  3 hobgoblins (D:1)
  4 jackals (D:1)
  3 bats (D:1)
  3 frilled lizards (D:1)
  3 kobolds (D:1)
  5 rats
39 creatures vanquished.

Notes
Turn   | Place    | Note
-------+----------+-------------------------------------------
     0 | D:1      | firemarshallily the Octopode Brigand began the quest for
                  | the Orb.
     0 | D:1      | Reached XP level 1. HP: 14/14 MP: 1/1
   277 | D:1      | Reached XP level 2. HP: 19/19 MP: 2/2
   713 | D:1      | Reached XP level 3. HP: 24/24 MP: 3/3
   760 | D:1      | Reached skill level 6 in Stealth
   950 | D:1      | Found Dyhauk's Antique Weapon Boutique.
  1534 | D:2      | Noticed Natasha
  1545 | D:2      | Killed Natasha
  1546 | D:2      | Reached XP level 4. HP: 20/30 MP: 4/4
  1589 | D:2      | Noticed Natasha
  1617 | D:2      | Killed Natasha
  1763 | D:2      | Noticed Natasha
  1786 | D:2      | Shot with a sling bullet by a goblin

Illustrated notes

Levels and vault maps discovered:
D:1:      nagdon_arrival_double_spiral, layout_loops_corners, serial_forest,
          infiniplex_forest_straight_2, infiniplex_forest_straight_4,
          infiniplex_forest_join, infiniplex_forest_clump_long,
          infiniplex_forest_clump_large, infiniplex_forest_end_2,
          infiniplex_forest_clump_long, infiniplex_forest_lined_room_2,
          infiniplex_forest_corner_1, serial_shops, shop,
          minmay_worlds_worst_comb
D:2:      layout_basic, uniq_natasha, uniq_jessica

Skill      XL: |  1  2  3  4 |
---------------+-------------+-----
Stealth        | 6 |  6.5
Short Blades   | 3 |  3.1
Fighting       | |  2.6
Throwing       | |  2.0
Dodging        | |  1.8

Action                     |  1- 3 |  4- 6 || total
---------------------------+-------+-------++-------
  Melee: Dagger            |    55 |    22 ||    77
         Constrict         |    13 |     4 ||    17
         Tentacles         |     8 |     2 ||    10
    Use: Scroll            |       |     1 ||     1
         Potion            |       |     1 ||     1
   Stab: Sleeping          |    16 |     1 ||    17
         Distracted        |       |     1 ||     1
 Armour: Skin              |     3 |     1 ||     4
  Dodge: Dodged            |    22 |    15 ||    37
